 Dungeon Crawl Stone Soup version 0.26-a0-597-gb535b0901c (webtiles) character file.

Game seed: 5560226186079201735

26012 HoaS the Cruncher (level 13, -2/106 HPs)
             Began as a Formicid Fighter on Aug 29, 2020.
             Was an Elder of Makhleb.
             Slain by an eight-headed hydra (10 damage)
             ... on level 4 of the Lair of Beasts.
             The game lasted 00:31:52 (13803 turns).

HoaS the Cruncher (Formicid Fighter)               Turns: 13803, Time: 00:31:52

Health: -2/106     AC: 14    Str: 26    XL:     13   Next: 54%
Magic:  13/13      EV: 13    Int:  8    God:    Makhleb [****..]
Gold:   660        SH: 11    Dex:  6    Spells: 12/12 levels left

rFire    + . .     SeeInvis +   n - +6 quarterstaff of Wondrous Power {drain, +Inv MR+ Dex-4 Stlth+}
rCold    . . .     Faith    .   c - +0 kite shield
rNeg     + . .     Spirit   .   y - +0 swamp dragon scales
rPois    +         Reflect  .   (helmet unavailable)
rElec    .         Harm     .   p - +1 cloak
rCorr    .                      (no gloves)
MR       ++...                  C - +1 pair of boots
Stlth    +.........             d - amulet of the acrobat
HPRegen  0.27/turn              f - ring of protection from fire
MPRegen  0.13/turn              g - ring of positive energy

@: no status effects
A: permanent stasis, dig shafts and tunnels, four strong arms, antennae 3
a: Dig, Shaft Self, Minor Destruction, Lesser Servant of Makhleb, Major
Destruction, Renounce Religion, Evoke Invisibility


You were on level 4 of the Lair of Beasts.
You worshipped Makhleb.
Makhleb was greatly pleased with you.
You visited 3 branches of the dungeon, and saw 15 of its levels.
You also visited: Gauntlet and Volcano.

You collected 867 gold pieces.
You spent 207 gold pieces at shops.

Inventory:

Hand Weapons
 n - the +6 quarterstaff of Wondrous Power (weapon) {drain, +Inv MR+ Dex-4 Stlth+}
   (You bought it in a shop on level 8 of the Dungeon)

   A truly terrible weapon, it drains the life of those it strikes.
   It affects your dexterity (-4).
   It affects your resistance to hostile enchantments.
   It lets you turn invisible.
   It makes you more stealthy.
Armour
 c - a +0 kite shield (worn)
 p - a +1 cloak (worn)
 y - +0 swamp dragon scales (worn)
 C - a +1 pair of boots (worn)
 H - a +0 plate armour
Jewellery
 d - an amulet of the acrobat (around neck)
 f - a ring of protection from fire (left hand)
 g - a ring of positive energy (right hand)
 j - an uncursed ring of protection from fire
 o - an uncursed ring of protection from magic
 s - an uncursed ring of flight
Wands
 a - a wand of random effects (46)
 r - a wand of polymorph (13)
 t - a wand of digging (4)
 v - a wand of iceblast (14)
 D - a wand of paralysis (6)
Scrolls
 l - 4 scrolls of magic mapping
 w - 4 scrolls of enchant weapon
 x - 6 scrolls of remove curse
 A - 2 scrolls of enchant armour
 B - 2 scrolls of identify
 E - a scroll of fear
 F - a scroll of summoning {unknown}
Potions
 b - 2 potions of heal wounds
 e - 6 potions of curing
 h - a potion of resistance
 i - 8 potions of ambrosia
 k - 2 potions of mutation
 m - 5 potions of lignification
 q - a potion of stabbing {unknown}
 u - 3 potions of flight
 z - a potion of magic {unknown}
 G - 2 potions of might


   Skills:
 + Level 11.0 Fighting
 - Level 14.0 Staves
 - Level 9.0 Armour
 + Level 8.8 Dodging
 - Level 9.0 Shields


You had 12 spell levels left.
You didn't know any spells.
Your spell library contained the following spells:

 Spells                   Type           Power        Failure   Level
 Foxfire                  Conj/Fire      #...         52%         1
 Magic Dart               Conj           #...         52%         1
 Summon Small Mammal      Summ           #...         52%         1
 Call Imp                 Summ           #.......     67%         2
 Searing Ray              Conj           #.....       67%         2
 Call Canine Familiar     Summ           #.......     88%         3
 Conjure Flame            Conj/Fire      #.......     88%         3
 Dazzling Flash           Conj/Hex       #.....       88%         3
 Inner Flame              Hex/Fire       #.......     88%         3
 Summon Guardian Golem    Hex/Summ       #.......     88%         3
 Fulminant Prism          Conj/Hex       #.........   99%         4
 Iskenderun's Mystic Bla  Conj/Tloc      #.......     99%         4
 Sticky Flame             Conj/Fire      #.......     99%         4
 Summon Ice Beast         Ice/Summ       #.......     99%         4
 Summon Lightning Spire   Summ/Air       #.......     99%         4
 Fireball                 Conj/Fire      #.........   100%        5
 Summon Demon             Summ           #.........   100%        5
 Summon Forest            Summ/Tloc      #.........   100%        5
 Summon Mana Viper        Hex/Summ       #.......     100%        5
 Shadow Creatures         Summ           N/A          100%        6
 Summon Hydra             Summ           #.........   100%        7


Dungeon Overview and Level Annotations

Branches:
Dungeon (10/15)            Temple (1/1) D:5            Lair (4/6) D:8
  Swamp (0/4) Lair:3        Snake (0/4) Lair:3      Volcano (visited)
Gauntlet (visited)
    Orc: D:9-12

Altars:
Ashenzari
Cheibriados
Dithmenos
Elyvilon
Fedhas
Gozag
Hepliaklqana
Kikubaaqudgha
Makhleb
Nemelex Xobeh
Okawaru
Qazlal
Ru
Sif Muna
Trog
Uskayaw
Vehumet
Wu Jian
Xom
Yredelemnul
Zin
The Shining One

Shops:
D:6 }   D:7 [   D:8 (*(?*


Innate Abilities, Weirdness & Mutations

You cannot be hasted, slowed, berserked, paralysed or teleported.
You can dig through walls and to a lower floor.
Your four strong arms can wield two-handed weapons with a shield.
You have a pair of large antennae on your head. (SInv)


Message History

The eight-headed hydra bites you! x2
* * * LOW HITPOINT WARNING * * *
The eight-headed hydra bites you.
* * * LOW HITPOINT WARNING * * *
You block the eight-headed hydra's attack. x2
The eight-headed hydra bites you but does no damage.
You bludgeon the eight-headed hydra!!
The eight-headed hydra is almost dead.
You thump the eight-headed hydra!
The eight-headed hydra is almost dead.
You block the eight-headed hydra's attack.
The eight-headed hydra bites you but does no damage.
You block the eight-headed hydra's attack.
The eight-headed hydra bites you.
* * * LOW HITPOINT WARNING * * *
The eight-headed hydra bites you!
* * * LOW HITPOINT WARNING * * *
The eight-headed hydra closely misses you.
The eight-headed hydra bites you!
You die...

.##..# [..#####. .....
## ...#....#. ..#..##
..##.........##..##.#
.#...8...8......##.. +
......<.....#...... #.
...8...8..........
#..##.D.......##..##..
#....@#....##.#...##..
###....#####....##....
##............#..P..
###.........#.###..
###..#.#....# #.#
#.#..###.P.# #..
###P.# #.P.###.. #...
##..##... ##.##
#...##P.


You could see an eight-headed hydra (drained).

Vanquished Creatures
  A red draconian (Volcano)
  3 hydras
  Erica (Lair:1)
  3 two-headed ogres
  Sonja (D:10)
  Urug (Lair:2)
  A salamander mystic (Volcano)
  3 salamanders (Volcano)
  4 black mambas
  4 cane toads
  A komodo dragon (D:10)
  Maggie (D:7)
  A queen bee (Lair:2)
  A troll (D:9)
  Prince Ribbit (Lair:1)
  11 blink frogs
  6 hippogriffs
  3 wyverns
  29 yaks
  A wraith (D:5)
  Menkaure (D:6)
  5 swamp worms (Lair:3)
  10 water moccasins
  7 porcupines
  Duvessa (D:5)
  A phantom (D:8)
  2 black bears (D:8)
  2 ice beasts (D:5)
  A necrophage (D:9)
  An eye of draining (D:5)
  A sky beast (D:6)
  2 ogres
  3 wolves (Lair:2)
  5 crocodiles
  2 centaurs (D:9)
  4 bullfrogs
  Dowan (D:5)
  A wyvern zombie (D:6)
  19 killer bees (Lair:2)
  An electric eel (Lair:1)
  A bullfrog zombie (D:10)
  2 centaur zombies
  3 jellies
  A centaur skeleton (D:7)
  A bullfrog skeleton (D:5)
  2 orc priests
  2 hounds (D:5)
  8 orc wizards
  An iguana (Lair:3)
  Ijyb (D:5)
  7 worker ants
  A hound zombie (D:5)
  A howler monkey zombie (D:7)
  A worker ant zombie (D:6)
  Robin (D:2)
  18 adders
  2 shadow imps
  2 white imps
  An ufetubus (D:9)
  An ooze (D:4)
  2 adder skeletons (D:4)
  A worm (D:2)
  4 dart slugs
  2 leopard geckos (D:1)
  23 orcs
  4 giant cockroaches
  10 goblins
  10 hobgoblins
  3 jackals (D:2)
  9 kobolds
  2 quokkas (D:3)
  3 ball pythons
  8 bats
  6 frilled lizards
  A leopard gecko zombie (D:7)
  A quokka zombie (D:5)
  5 rats
298 creatures vanquished.

Vanquished Creatures (others)
  48 fungi (D:8)
  54 plants
102 creatures vanquished.

Grand Total: 400 creatures vanquished

Notes
Turn   | Place    | Note
-------+----------+-------------------------------------------
     0 | D:1      | HoaS the Formicid Fighter began the quest for the Orb.
     0 | D:1      | Reached XP level 1. HP: 18/18 MP: 1/1
    93 | D:1      | Reached XP level 2. HP: 24/24 MP: 2/2
   526 | D:1      | Reached XP level 3. HP: 29/29 MP: 3/3
   643 | D:1      | Reached skill level 3 in Staves
  1045 | D:2      | Reached XP level 4. HP: 32/35 MP: 4/4
  1493 | D:2      | Noticed Robin
  1513 | D:2      | Killed Robin
  1557 | D:2      | Reached skill level 4 in Staves
  1754 | D:3      | Reached XP level 5. HP: 38/41 MP: 5/5
  1843 | D:3      | Found an iron altar of Okawaru.
  2102 | D:3      | Found a bloodstained altar of Trog.
  2114 | D:3      | Reached skill level 5 in Shields
  2224 | D:2      | Reached XP level 6. HP: 32/47 MP: 6/6
  2426 | D:3      | Reached skill level 5 in Staves
  2741 | D:4      | Noticed an ogre
  2762 | D:4      | Killed an ogre
  2906 | D:4      | Reached XP level 7. HP: 49/52 MP: 7/7
  3013 | D:4      | Found a glowing silver altar of Zin.
  3155 | D:4      | Found a white marble altar of Elyvilon.
  3158 | D:4      | Found a basalt altar of Yredelemnul.
  3159 | D:4      | Found a stormy altar of Qazlal.
  3168 | D:4      | Found a sparkling altar of Nemelex Xobeh.
  3171 | D:4      | Found an ornate altar of the Wu Jian Council.
  3283 | D:4      | Found a glowing drain.
  3442 | D:5      | Entered Level 5 of the Dungeon
  3461 | D:5      | Reached skill level 6 in Staves
  3802 | D:5      | Noticed Duvessa
  3802 | D:5      | Noticed Dowan
  3823 | D:5      | Killed Duvessa
  3823 | D:5      | Reached skill level 7 in Staves
  3823 | D:5      | Reached XP level 8. HP: 55/58 MP: 8/8
  3833 | D:5      | Killed Dowan
  3939 | D:5      | Noticed Ijyb
  3946 | D:5      | Killed Ijyb
  3970 | D:5      | Noticed a wraith
  3999 | D:5      | Killed a wraith
  4231 | D:5      | Reached skill level 8 in Staves
  4321 | D:5      | Found a staircase to the Ecumenical Temple.
  4513 | Temple   | Entered the Ecumenical Temple
  4758 | Temple   | Became a worshipper of Makhleb the Destroyer
  4831 | D:6      | Noticed Menkaure
  4883 | D:6      | Killed Menkaure
  5187 | D:6      | Found a sparkling altar of Nemelex Xobeh.
  5328 | D:6      | Found Osial's Gadget Shop.
  5342 | D:6      | Reached XP level 9. HP: 64/64 MP: 9/9
  5523 | D:7      | Reached skill level 9 in Staves
  5639 | D:7      | Found Cheibriados's Comfort Zone.
  5640 | D:7      | Found a snail-covered altar of Cheibriados.
  5697 | D:7      | Noticed Maggie
  5719 | D:7      | Killed Maggie
  6449 | D:8      | Found Aloecuimp's Assorted Antiques.
  6456 | D:8      | Found Boixt's Antique Weapon Emporium.
  6462 | D:8      | Noticed a hippogriff
  6470 | D:8      | Killed a hippogriff
  6476 | D:8      | Reached skill level 10 in Staves
  6484 | D:8      | Bought a scorched quarterstaff for 207 gold pieces
  6484 | D:8      | Identified the +6 quarterstaff of Wondrous Power {drain,
                  | +Inv MR+ Dex-4 Stlth+} (You bought it in a shop on level 8
                  | of the Dungeon)
  6493 | D:8      | Found Ihor's Magic Scroll Boutique.
  6945 | D:8      | Noticed a hippogriff
  6952 | D:8      | Killed a hippogriff
  6955 | D:8      | Found Wibummau's Weapon Emporium.
  7004 | D:8      | Reached * piety under Makhleb
  7247 | D:8      | Reached skill level 11 in Staves
  7325 | D:8      | Found an opulent altar of Gozag.
  7345 | D:8      | Reached XP level 10. HP: 70/70 MP: 10/10
  7406 | D:8      | Found a staircase to the Lair.
  7422 | D:8      | Noticed a two-headed ogre
  7428 | D:8      | Killed a two-headed ogre
  7428 | D:8      | Reached skill level 12 in Staves
  7507 | D:8      | Found Deinedyg's General Store.
  7643 | D:9      | Noticed a two-headed ogre
  7652 | D:9      | Killed a two-headed ogre
  7652 | D:9      | Reached skill level 13 in Staves
  7753 | D:9      | Noticed a two-headed ogre
  7767 | D:9      | Killed a two-headed ogre
  7767 | D:9      | Reached XP level 11. HP: 33/75 MP: 11/11
  8095 | D:9      | Reached skill level 14 in Staves
  8150 | D:9      | Reached skill level 1 in Dodging
  8533 | D:10     | Entered Level 10 of the Dungeon
  8588 | D:10     | Found the +2 Maxwell's thermic engine {flame, freeze}
  8652 | D:10     | Noticed Sonja
  8661 | D:10     | Killed Sonja
  8661 | D:10     | Reached ** piety under Makhleb
  8826 | D:10     | Reached skill level 5 in Fighting
  8826 | D:10     | Reached skill level 5 in Armour
  9242 | Lair:1   | Entered Level 1 of the Lair of Beasts
  9327 | Lair:1   | Noticed a six-headed hydra
  9342 | Lair:1   | Killed a six-headed hydra
  9539 | Lair:1   | Noticed Prince Ribbit
  9556 | Lair:1   | Killed Prince Ribbit
  9914 | Lair:1   | Noticed Erica
  9926 | Lair:1   | Killed Erica
  9926 | Lair:1   | Reached XP level 12. HP: 84/89 MP: 12/12
 10323 | Lair:2   | Found a dark tunnel.
 10332 | Volcano  | Entered a volcano
 10521 | Volcano  | Noticed a red draconian
 10534 | Volcano  | Killed a red draconian
 10609 | Volcano  | Noticed a salamander mystic
 10619 | Volcano  | Killed a salamander mystic
 10619 | Volcano  | Reached skill level 5 in Dodging
 10824 | Lair:2   | Reached *** piety under Makhleb
 11441 | Lair:2   | Noticed Urug
 11458 | Lair:2   | Killed Urug
 12228 | Lair:3   | Reached XP level 13. HP: 78/101 MP: 13/13
 12250 | Lair:3   | Found a gate leading to a gauntlet.
 12265 | Gauntlet | Entered a Gauntlet
 12265 | Gauntlet | Found a transporter.
 12397 | Gauntlet | Found a transporter.
 12399 | Gauntlet | Found a transporter.
 12410 | Gauntlet | Found a transporter.
 12413 | Gauntlet | Noticed a death ooze
 12416 | Gauntlet | Found a transporter.
 12416 | Gauntlet | Found a runed translucent gate.
 12416 | Gauntlet | Found a runed translucent gate.
 12416 | Gauntlet | Found a runed translucent gate.
 12419 | Gauntlet | Found a transporter.
 12419 | Gauntlet | Noticed a catoblepas
 12438 | Gauntlet | Found a transporter.
 12445 | Gauntlet | Found a transporter.
 12455 | Gauntlet | Found a transporter.
 12460 | Gauntlet | Found a transporter.
 12460 | Gauntlet | Found a transporter.
 12487 | Gauntlet | Found a runed translucent door.
 12488 | Gauntlet | Found a transporter.
 12488 | Gauntlet | Found a transporter.
 12489 | Gauntlet | Found a runed translucent door.
 12491 | Gauntlet | Noticed a death ooze
 12540 | Gauntlet | Found a transporter.
 13047 | Lair:3   | Reached skill level 10 in Fighting
 13051 | Lair:3   | Found a staircase to the Snake Pit.
 13291 | Lair:3   | Reached **** piety under Makhleb
 13406 | Lair:3   | Noticed a five-headed hydra
 13410 | Lair:3   | Noticed a seven-headed hydra
 13413 | Lair:3   | Killed a five-headed hydra
 13421 | Lair:3   | Killed a seven-headed hydra
 13435 | Lair:3   | Found a staircase to the Swamp.
 13794 | Lair:4   | Noticed an eight-headed hydra
 13803 | Lair:4   | Slain by an eight-headed hydra

Illustrated notes

Levels and vault maps discovered:
D:1:      matt_arrival_debris, layout_loops_corners
D:2:      layout_basic, due_unseen_surprise, uniq_robin
D:3:      layout_basic, bloody_trog, nicolae_overflow_crystal_walls,
          minmay_diced_spiral
D:4:      layout_basic, lemuel_doored_altar, minmay_overflow_temple_star_hex,
          portal_sewer_entry_e
D:5:      layout_basic, minmay_temple_entry_fiery, uniq_duvessa, uniq_ijyb
D:6:      layout_cave_pools, serial_shops, shop, nemelex_spade_bored_becter,
          uniq_menkaure
D:7:      layout_basic, minmay_shop_chei, uniq_maggie
D:8:      layout_basic, due_lair_maze_entry_diamond, serial_shops,
          nicolae_shop_waterfront, nicolae_shop_stone, kennysheep_mini_moat,
          shop, shop, basic_altar
D:9:      layout_roguey
D:10:     layout_irregular_city, uniq_sonja
Temple:   minmay_temple_curvy_branch
Lair:1:   layout_gridlike, minivault_19, lemuel_fruit_tree, uniq_prince_ribbit2,
          uniq_erica
Lair:2:   layout_cave_pods, nicolae_volcano_entry_two_sided, special_room
          [special_room_bee], uniq_urug
Lair:3:   layout_small_grid, palyth_hydra_swamp_entry,
          minmay_snake_entry_six_corridors, gauntlet_entry_generic,
          grunt_megastairs_5
Lair:4:   layout_loops_ring, lemuel_fruit_fields, infiniplex_staircase_pool,
          grunt_megastairs_2

Skill      XL: |  1  2  3  4  5  6  7  8  9 10 11 12 13 |
---------------+----------------------------------------+-----
Shields        | 4 5 6 8 9 |  9.0
Staves         | 3 4 5 7 8 11 13 14 | 14.0
Dodging        | 4 6 8 |  8.8
Fighting       | 6 9 11 | 11.0
Armour         | 6 9 |  9.0

Action                   |  1- 3 |  4- 6 |  7- 9 | 10-12 | 13-15 || total
-------------------------+-------+-------+-------+-------+-------++-------
Melee: Quarterstaff      |    67 |   146 |   287 |   438 |   176 ||  1114
 Abil: Dig               |       |     2 |     2 |     6 |     4 ||    14
Evoke: Wand              |       |       |     1 |     5 |       ||     6
  Use: Scroll            |     5 |     6 |    11 |     6 |     4 ||    32
       Potion            |       |     1 |       |       |       ||     1
 Stab: Paralysed         |       |       |       |     2 |       ||     2
       Sleeping          |       |       |       |       |     2 ||     2
Armor: Scale mail        |    33 |    47 |     9 |       |       ||    89
       Chain mail        |       |       |    64 |    53 |       ||   117
       Swamp dragon scal |       |       |    17 |    44 |    35 ||    96
Dodge: Dodged            |    18 |    45 |    69 |   177 |    58 ||   367
Block: Kite shield       |    30 |    57 |   124 |   169 |    71 ||   451

Table legend: (Time is in decaauts)
 A = Elapsed time spent in this place.
 B = Non-inter-level travel time spent in this place.
 C = Inter-level travel time spent in this place.
 D = Time resting spent in this place.
 E = Time spent auto-exploring this place.
 F = Levels seen in this place.
 G = Mean time per level.
                   A        B        C        D        E       F      G
               +--------+--------+--------+--------+--------+-----+--------+
         Total |  13563 |  12998 |    565 |   2794 |   8012 |  17 |  797.8 |
       Dungeon |   8936 |   8511 |    425 |   1836 |   5238 |  10 |  893.6 |
        Temple |    268 |    224 |     44 |      0 |    222 |   1 |  268.0 |
          Lair |   3634 |   3540 |     94 |    725 |   2222 |   4 |  908.5 |
       Volcano |    341 |    341 |      0 |    113 |    103 |   1 |  341.0 |
      Gauntlet |    382 |    382 |      0 |    120 |    227 |   1 |  382.0 |
               +--------+--------+--------+--------+--------+-----+--------+

Top non-repeatable levels by time:
  Lair:2: 1461 daAuts
     D:5: 1353 daAuts
     D:8: 1174 daAuts
  Lair:1: 1032 daAuts
     D:1: 1010 daAuts
  Lair:3: 983 daAuts
     D:7: 930 daAuts
     D:2: 897 daAuts
     D:9: 882 daAuts
     D:3: 807 daAuts
     D:4: 770 daAuts
    D:10: 671 daAuts
     D:6: 437 daAuts
Gauntlet: 382 daAuts
 Volcano: 341 daAuts
